 Dungeon Crawl Stone Soup version 0.29.0-4-gdea44cf6ec (webtiles) character file.

Game seed: 5307144953670638182

11 Drevant2 the Slasher (level 2, -3/33 HPs)
             Began as a Demonspawn Gladiator on Aug 27, 2022.
             Slain by a goblin
             ... wielding a +2 dagger of electrocution
              (4 damage)
             ... on level 1 of the Dungeon.
             The game lasted 00:00:44 (504 turns).

Drevant2 the Slasher (Demonspawn Gladiator)          Turns: 504, Time: 00:00:45

Health: -3/33      AC:  4    Str: 14    XL:     2   Next: 17%
Magic:  2/2        EV: 12    Int:  9    God:
Gold:   64         SH:  0    Dex: 14    Spells: 1/1 levels left

rFire   . . .      SeeInvis .   a - +0 long sword
rCold   . . .      Faith    .   (no shield)
rNeg    . . .      Spirit   .   b - +0 leather armour
rPois   .          Reflect  .   c - +0 helmet
rElec   .          Harm     .   (no cloak)
rCorr   .          Rampage  .   (no gloves)
Will    .....                   (no boots)
Stlth   ..........              (no amulet)
HPRegen 0.11/turn               (no ring)
MPRegen 0.08/turn               (no ring)

@: berserking, very quick
A: claws 1
a: no special abilities


You were on level 1 of the Dungeon.
You visited 1 branch of the dungeon, and saw 1 of its levels.

You collected 64 gold pieces.

Inventory:

Hand Weapons
 a - a +0 long sword (weapon)
Missiles
 d - 3 throwing nets (quivered)
 e - a javelin
Armour
 b - a +0 leather armour (worn)
 c - a +0 helmet (worn)
 i - a +0 pair of boots
Jewellery
 g - a ring of wizardry
Scrolls
 h - a scroll of identify {unknown}
 k - 2 scrolls of teleportation {unknown}
 l - 2 scrolls of poison {unknown}


   Skills:
 - Level 2.0 Fighting
 + Level 3.3 Long Blades
 - Level 1.7 Throwing
 - Level 2.6 Dodging


You had one spell level left.
You didn't know any spells.
Your spell library contained the following spells:

 Spells                   Type           Power      Damage    Failure   Level
 Blink                    Tloc           0%         N/A       61%         2
 Lesser Beckoning         Tloc           0%         N/A       83%         3
 Manifold Assault         Tloc           0%         N/A       100%        5


Dungeon Overview and Level Annotations

Branches:
Dungeon (1/15)

Altars:


Innate Abilities, Weirdness & Mutations

You have sharp fingernails.


Message History

Found four items.
You hit the endoplasm.
The endoplasm is almost dead.
The endoplasm hits you but does no damage.
The endoplasm freezes you.
You are frozen.
You hit the endoplasm.
You kill the endoplasm!
No target in view!
No target in view!
A frilled lizard comes into view.
You see here 7 gold pieces.
A frilled lizard is nearby!
A frilled lizard is nearby!
A frilled lizard is nearby!
Unknown command.
A goblin comes into view.
It is wielding a +2 dagger of electrocution.
The goblin shouts!
The frilled lizard closely misses you.
You miss the frilled lizard.
The frilled lizard bites you but does no damage.
You hit the goblin.
The goblin is heavily wounded.
The frilled lizard bites you. The goblin hits you but does no damage.
You are electrocuted!!
Ouch! That really hurt!
* * * LOW HITPOINT WARNING * * *
You are too injured to fight recklessly!
You are too injured to fight recklessly!
You are too injured to fight recklessly!
You are too injured to fight recklessly!
It was a potion of cancellation.
You feel magically purged.
The frilled lizard bites you but does no damage.
The goblin hits you but does no damage.
It was a potion of berserk rage.
A red film seems to cover your vision as you go berserk!
You feel yourself moving faster!
You feel mighty! The frilled lizard bites you.
* * * LOW HITPOINT WARNING * * *
The goblin hits you with a +2 dagger of electrocution.
You die...

#.# #.) #.# #.# #.#
#.# #.#########.# #
#...........# .###
##########.$#####....
#.........#
#.........####
#!....@>......
#....g.l..####
#?........#
#...........
#[........###
#.........#
#.........#
###########


You could see a goblin and a frilled lizard.

Vanquished Creatures
  2 endoplasms (D:1)
  A giant cockroach (D:1)
  2 kobolds (D:1)
  A quokka (D:1)
  3 ball pythons (D:1)
  A bat (D:1)
10 creatures vanquished.

Notes
Turn   | Place    | Note
-------+----------+-------------------------------------------
     0 | D:1      | Drevant2 the Demonspawn Gladiator began the quest for the
                  | Orb.
     0 | D:1      | Reached XP level 1. HP: 16/16 MP: 1/1
   173 | D:1      | Reached skill level 3 in Long Blades
   271 | D:1      | Gained mutation: You have sharp fingernails. [demonic
                  | ancestry]
   271 | D:1      | Reached XP level 2. HP: 22/22 MP: 2/2
   502 | D:1      | HP: 1/22 [goblin/+2 dagger of electrocution (20)]
   504 | D:1      | Slain by a goblin

Illustrated notes

Levels and vault maps discovered:
D:1:      dpeg_arrival_tiny_g, layout_loops_ring

Skill      XL: |  1 |
---------------+----+-----
Long Blades    | 3 |  3.3
Fighting       | |  2.0
Throwing       | |  1.7
Dodging        | |  2.6

Action                   || total
-------------------------++-------
Melee: Long sword        ||    27
  Use: Potion            ||     2
Armor: Leather armour    ||    11
Dodge: Dodged            ||    25
